SNL (28 & UNDER)
KEY WEST BARRACUDAS @ WICHITA WRANGLERS
05/27/2023
 
TOP OF THE 1ST
Key West Barracudas batting - Pitching for Wichita Wranglers : LHP Moo-hyun Hwang
Pitching: LHP Moo-hyun Hwang
Batting: SHB Rodney Birling 0-0: Called Strike
0-1: Ball
1-1: Foul Ball, location: 2F
1-2: Foul Ball, location: 2F
1-2: Strikes out looking
Batting: SHB Patrick Larson 0-0: Ball
1-0: Ball
2-0: Ball
3-0: Foul Ball, location: 2F
3-1: Foul Ball, location: 2F
3-2: DOUBLE (Flyball, 78D) - OUT at third base trying to stretch hit.
Batting: RHB Dave Nelson 0-0: Ball
1-0: Ball
2-0: Swinging Strike
2-1: Swinging Strike
2-2: Ground out 6-3 (Groundball, 6)
Top of the 1st over - 0 run(s), 1 hit(s), 0 error(s), 0 left on base; Key West 0 - Wichita 0
BOTTOM OF THE 1ST
Wichita Wranglers batting - Pitching for Key West Barracudas : RHP Wilson Flores
Pitching: RHP Wilson Flores
Batting: RHB Cho-yun Qiao 0-0: Foul Ball, location: 2F
0-1: Ball
1-1: Ball
2-1: Foul Ball, location: 2F
2-2: Ball
3-2: Foul Ball, location: 2F
3-2: Base on Balls
Batting: RHB Anthony Rucker 0-0: SINGLE (Groundball, 5D)
Cho-yun Qiao to second
Batting: RHB Bob Hall 0-0: Called Strike
0-1: Ball
1-1: SINGLE (Groundball, 34D)
Cho-yun Qiao to third
Anthony Rucker to second
Runner from 3rd tries for Home, SAFE, no throw or cutoff
Batting: RHB George Clark 0-0: Called Strike
0-1: Foul Ball, location: 2F
0-2: Fly out, F1 (Line Drive, 13)
Batting: RHB Luis Sánchez 0-0: DOUBLE (Line Drive, 7LM)
Anthony Rucker scores
Bob Hall to third
Runner from 3rd tries for Home, SAFE, no throw or cutoff
Batting: RHB Kyle Nelson 0-0: Ball
1-0: Called Strike
1-1: Called Strike
1-2: Reached on error, E6 (Groundball, 6)
Luis Sánchez scores
Batting: RHB Don Thomas 0-0: Ball
1-0: Ball
2-0: Called Strike
2-1: Called Strike
2-2: Strikes out looking
Batting: LHB Mario Cornelo 0-0: Swinging Strike
0-1: Ball
1-1: Ball
2-1: Fly out, F5 (Line Drive, 5)
Bottom of the 1st over - 4 run(s), 3 hit(s), 1 error(s), 1 left on base; Key West 0 - Wichita 4
TOP OF THE 2ND
Key West Barracudas batting - Pitching for Wichita Wranglers : LHP Moo-hyun Hwang
Batting: RHB Carlos Miranda 0-0: Foul Ball, location: 2F
0-1: Called Strike
0-2: Foul Ball, location: 2F
0-2: Fly out, F5 (Popup, 56S)
Batting: RHB Luther Stoffels 0-0: Ball
1-0: Ball
2-0: Ball
3-0: Called Strike
3-1: SINGLE (Line Drive, 89S)
Batting: RHB Kenny Cole 0-0: Ball
1-0: Called Strike
1-1: Foul Ball, location: 2F
1-2: Foul Ball, location: 2F
1-2: Strikes out looking
Batting: LHB Jake Wells 0-0: Swinging Strike
0-1: Called Strike
0-2: Hit by Pitch
Luther Stoffels to second
Batting: RHB Alfredo Pineda 0-0: Ball
1-0: Ball
2-0: Ball
3-0: Called Strike
3-1: Base on Balls
Luther Stoffels to third
Jake Wells to second
Batting: RHB Dan Craft 0-0: Ball
1-0: Swinging Strike
1-1: Ball
2-1: Ball
3-1: Base on Balls
Luther Stoffels scores
Jake Wells to third
Alfredo Pineda to second
Batting: SHB Rodney Birling 0-0: Ball
1-0: Ground out 4-3 (Groundball, 4MS)
Top of the 2nd over - 1 run(s), 1 hit(s), 0 error(s), 3 left on base; Key West 1 - Wichita 4
BOTTOM OF THE 2ND
Wichita Wranglers batting - Pitching for Key West Barracudas : RHP Wilson Flores
Batting: RHB Jim Beck 0-0: Called Strike
0-1: Fly out, F8 (Flyball, 8RM)
Batting: RHB Cho-yun Qiao 0-0: Ball
1-0: Called Strike
1-1: Swinging Strike
1-2: Ball
2-2: Strikes out swinging
Batting: RHB Anthony Rucker 0-0: Ball
1-0: Called Strike
1-1: Ball
2-1: Ball
3-1: Base on Balls
Batting: RHB Bob Hall 0-0: Ball
Wild Pitch!
Anthony Rucker to second
1-0: Foul Ball, location: 2F
1-1: Ground out 6-3 (Groundball, 6)
Bottom of the 2nd over - 0 run(s), 0 hit(s), 0 error(s), 1 left on base; Key West 1 - Wichita 4
TOP OF THE 3RD
Key West Barracudas batting - Pitching for Wichita Wranglers : LHP Moo-hyun Hwang
Batting: SHB Patrick Larson 0-0: Ball
1-0: Ball
2-0: Foul Ball, location: 2F
2-1: Foul Ball, location: 2F
2-2: Foul Ball, location: 2F
2-2: Foul Ball, location: 2F
2-2: Strikes out swinging
Batting: RHB Dave Nelson 0-0: Called Strike
0-1: Foul Ball, location: 2F
0-2: Ground out 5-3 (Groundball, 56)
Batting: RHB Carlos Miranda 0-0: Ball
1-0: Ball
2-0: DOUBLE (Line Drive, 5L)
Batting: RHB Luther Stoffels 0-0: Swinging Strike
0-1: Ground out 2-3 (Groundball, 25)
Top of the 3rd over - 0 run(s), 1 hit(s), 0 error(s), 1 left on base; Key West 1 - Wichita 4
BOTTOM OF THE 3RD
Wichita Wranglers batting - Pitching for Key West Barracudas : RHP Wilson Flores
Batting: RHB George Clark 0-0: SINGLE (Line Drive, 34D)
Batting: RHB Luis Sánchez 0-0: Ball
1-0: Ball
2-0: Ball
3-0: Base on Balls
George Clark to second
Batting: RHB Kyle Nelson 0-0: Ball
1-0: Called Strike
1-1: SINGLE (Line Drive, 6D)
George Clark to third
Luis Sánchez to second
Runner from 3rd tries for Home, SAFE, throw made home
Luis Sánchez to third
Kyle Nelson to second
Batting: RHB Don Thomas 0-0: Called Strike
0-1: Ball
1-1: Foul Ball, location: 2F
1-2: Ground out 6-3 (Groundball, 6M)
Luis Sánchez scores
Kyle Nelson to third
Batting: LHB Mario Cornelo 0-0: Ball
1-0: Foul Ball, location: 2F
1-1: Foul Ball, location: 2F
1-2: Foul Ball, location: 2F
1-2: Strikes out looking
Batting: RHB Jim Beck 0-0: Ball
1-0: Ball
2-0: Ball
3-0: Called Strike
3-1: SINGLE (Line Drive, 9S)
Kyle Nelson scores
Batting: RHB Cho-yun Qiao 0-0: Ball
1-0: Foul Ball, location: 2F
1-1: Called Strike
1-2: SINGLE (Line Drive, 8LS)
Jim Beck to second
Throwing error, E8
Jim Beck scores
Cho-yun Qiao to second
Batting: RHB Anthony Rucker 0-0: Ball
1-0: Called Strike
1-1: Ball
2-1: Ball
3-1: Ground out 4-3 (Groundball, 4)
Bottom of the 3rd over - 4 run(s), 4 hit(s), 1 error(s), 1 left on base; Key West 1 - Wichita 8
TOP OF THE 4TH
Key West Barracudas batting - Pitching for Wichita Wranglers : LHP Moo-hyun Hwang
Batting: RHB Kenny Cole 0-0: Ground out 2-3 (Groundball, 2L)
Batting: LHB Jake Wells 0-0: Ball
1-0: Ball
2-0: Ball
3-0: Base on Balls
Batting: RHB Alfredo Pineda 0-0: Called Strike
0-1: Fly out, F8 (Line Drive, 8RD)
Batting: RHB Dan Craft 0-0: Swinging Strike
0-1: Foul Ball, location: 2F
0-2: Foul Ball, location: 2F
0-2: Ball
1-2: Ball
2-2: Fielders Choice at 2nd, 5-4 (Groundball, 56)
Top of the 4th over - 0 run(s), 0 hit(s), 0 error(s), 0 left on base; Key West 1 - Wichita 8
BOTTOM OF THE 4TH
Wichita Wranglers batting - Pitching for Key West Barracudas : RHP Wilson Flores
Pitching: RHP Jim McClure
Batting: RHB Bob Hall 0-0: Ball
1-0: Ball
2-0: Called Strike
2-1: Ball
3-1: Base on Balls
Batting: RHB George Clark 0-0: Foul Ball, location: 2F
0-1: Fly out, F8 (Line Drive, 8LS)
Batting: RHB Luis Sánchez 0-0: Called Strike
0-1: Ball
1-1: Ball
2-1: Ball
3-1: Base on Balls
Bob Hall to second
Batting: RHB Kyle Nelson 0-0: Called Strike
0-1: SINGLE (Groundball, 5D)
Bob Hall to third
Luis Sánchez to second
Batting: RHB Don Thomas 0-0: Fly out, F6 (Line Drive, 6D)
Batting: LHB Mario Cornelo 0-0: Called Strike
0-1: Called Strike
0-2: Foul Ball, location: 2F
0-2: Ball
1-2: Foul Ball, location: 2F
1-2: Ball
2-2: Foul Ball, location: 2F
2-2: Ball
3-2: Ground out U3 (Groundball, 3S)
Bottom of the 4th over - 0 run(s), 1 hit(s), 0 error(s), 3 left on base; Key West 1 - Wichita 8
TOP OF THE 5TH
Key West Barracudas batting - Pitching for Wichita Wranglers : LHP Moo-hyun Hwang
Batting: SHB Rodney Birling 0-0: Ball
1-0: Called Strike
1-1: Fly out, F8 (Flyball, 8LM)
Batting: SHB Patrick Larson 0-0: Foul Ball, location: 2F
0-1: Ball
1-1: Swinging Strike
1-2: Strikes out swinging
Batting: RHB Dave Nelson 0-0: Ball
1-0: Called Strike
1-1: Ball
2-1: Foul Ball, location: 2F
2-2: Strikes out swinging
Top of the 5th over - 0 run(s), 0 hit(s), 0 error(s), 0 left on base; Key West 1 - Wichita 8
BOTTOM OF THE 5TH
Wichita Wranglers batting - Pitching for Key West Barracudas : RHP Jim McClure
Batting: RHB Jim Beck 0-0: Ball
1-0: Ball
2-0: SOLO HOME RUN (Flyball, 7LD), Distance : 348 ft
Batting: RHB Cho-yun Qiao 0-0: Ball
1-0: Called Strike
1-1: Ball
2-1: Ball
3-1: Called Strike
3-2: Base on Balls
Batting: RHB Anthony Rucker 0-0: Called Strike
0-1: SINGLE (Line Drive, 7S)
Cho-yun Qiao to second
Batting: RHB Bob Hall 0-0: Ball
1-0: 3-RUN HOME RUN (Line Drive, 7LD), Distance : 343 ft
Pitching: RHP Emmett Bush
Batting: RHB George Clark 0-0: Ball
1-0: Ball
2-0: Ball
3-0: Called Strike
3-1: Called Strike
3-2: Strikes out swinging
Batting: RHB Luis Sánchez 0-0: Ball
1-0: Swinging Strike
1-1: Ball
2-1: Swinging Strike
2-2: Foul Ball, location: 2F
2-2: Strikes out looking
Batting: RHB Kyle Nelson 0-0: Ball
1-0: Ball
2-0: Ball
3-0: Base on Balls
Batting: RHB Don Thomas 0-0: Called Strike
0-1: Ball
1-1: Foul Ball, location: 2F
1-2: Ground out 3-1 (Groundball, 34)
Bottom of the 5th over - 4 run(s), 3 hit(s), 0 error(s), 1 left on base; Key West 1 - Wichita 12
TOP OF THE 6TH
Key West Barracudas batting - Pitching for Wichita Wranglers : LHP Moo-hyun Hwang
Batting: RHB Carlos Miranda 0-0: Called Strike
0-1: Ball
1-1: Foul Ball, location: 2F
1-2: SINGLE (Groundball, 56D)
Batting: RHB Luther Stoffels 0-0: Swinging Strike
0-1: Ball
1-1: Called Strike
1-2: Ball
2-2: TRIPLE (Flyball, 89XD)
Carlos Miranda scores
Batting: RHB Kenny Cole 0-0: Ball
1-0: SINGLE (Groundball, 15S) (infield hit)
Luther Stoffels scores
Pitching: RHP Dave Grant
Batting: LHB Jake Wells 0-0: Ball
1-0: Ball
2-0: Called Strike
2-1: SINGLE (Flyball, 56D)
Kenny Cole to second
Batting: RHB Alfredo Pineda 0-0: Foul Ball, location: 2F
0-1: Swinging Strike
0-2: Ball
1-2: Ball
2-2: Ball
3-2: Strikes out swinging
Batting: RHB Dan Craft 0-0: Foul Ball, location: 2F
0-1: Ball
1-1: Ball
2-1: Foul Ball, location: 2F
2-2: Ball
3-2: Strikes out swinging
Batting: SHB Rodney Birling 0-0: SINGLE (Groundball, 6MD)
Kenny Cole to third
Jake Wells to second
Runner from 3rd tries for Home, SAFE, throw made at trailing runner, OUT at third!
Top of the 6th over - 3 run(s), 5 hit(s), 0 error(s), 1 left on base; Key West 4 - Wichita 12
BOTTOM OF THE 6TH
Wichita Wranglers batting - Pitching for Key West Barracudas : RHP Emmett Bush
Batting: LHB Mario Cornelo 0-0: SINGLE (Groundball, 4MD) (infield hit)
Batting: RHB Jim Beck 0-0: Foul Ball, location: 2F
0-1: Foul Ball, location: 2F
0-2: Ball
1-2: Ball
2-2: Ball
3-2: Foul Ball, location: 2F
3-2: DOUBLE (Flyball, 78XD)
Mario Cornelo to third
Mario Cornelo scores
Batting: RHB Cho-yun Qiao 0-0: Swinging Strike
0-1: Ball
1-1: Ball
Passed Ball!
Jim Beck to third
2-1: Swinging Strike
2-2: Ground out 6-3 (Groundball, 6)
Jim Beck scores
Batting: RHB Anthony Rucker 0-0: Ball
1-0: Ball
2-0: Ground out 1-3 (Groundball, 23)
Batting: RHB Bob Hall 0-0: Foul Ball, location: 2F
0-1: Ball
1-1: Ball
2-1: Swinging Strike
2-2: Foul Ball, location: 2F
2-2: Fly out, F9 (Flyball, 9M)
Bottom of the 6th over - 2 run(s), 2 hit(s), 0 error(s), 0 left on base; Key West 4 - Wichita 14
TOP OF THE 7TH
Key West Barracudas batting - Pitching for Wichita Wranglers : RHP Dave Grant
Batting: SHB Patrick Larson 0-0: Ball
1-0: Ball
2-0: Called Strike
2-1: Swinging Strike
2-2: Fly out, F8 (Flyball, 89XD)
Batting: RHB Dave Nelson 0-0: Ball
1-0: SINGLE (Line Drive, 8LS)
Batting: RHB Carlos Miranda 0-0: Called Strike
0-1: Foul Ball, location: 2F
0-2: Strikes out swinging
Batting: RHB Luther Stoffels 0-0: Ball
1-0: Ball
2-0: Ball
3-0: Foul Ball, location: 2F
3-1: Base on Balls
Dave Nelson to second
Batting: RHB Kenny Cole 0-0: Ball
1-0: Foul Ball, location: 2F
1-1: Swinging Strike
1-2: Strikes out looking
Top of the 7th over - 0 run(s), 1 hit(s), 0 error(s), 2 left on base; Key West 4 - Wichita 14
BOTTOM OF THE 7TH
Wichita Wranglers batting - Pitching for Key West Barracudas : RHP Emmett Bush
Pitching: LHP Anastasio Flores
Batting: RHB George Clark 0-0: Called Strike
0-1: Foul Ball, location: 2F
0-2: Foul Ball, location: 2F
0-2: Ball
1-2: Ball
2-2: SOLO HOME RUN (Line Drive, 7D), Distance : 372 ft
Batting: RHB Luis Sánchez 0-0: Foul Ball, location: 2F
0-1: SINGLE (Line Drive, 4)
Batting: RHB Kyle Nelson 0-0: Ball
Luis Sánchez is caught stealing 2nd base
1-0: Swinging Strike
1-1: Called Strike
1-2: Foul Ball, location: 2F
1-2: Ball
2-2: Ball
3-2: Foul Ball, location: 2F
3-2: Foul Ball, location: 2F
3-2: Foul Ball, location: 2F
3-2: Fly out, F7 (Popup, 6D)
Batting: RHB Don Thomas 0-0: Foul Ball, location: 2F
0-1: Called Strike
0-2: Ball
1-2: Ball
2-2: Foul Ball, location: 2F
2-2: Ball
3-2: Ground out 6-3 (Groundball, 6)
Bottom of the 7th over - 1 run(s), 2 hit(s), 0 error(s), 0 left on base; Key West 4 - Wichita 15
TOP OF THE 8TH
Key West Barracudas batting - Pitching for Wichita Wranglers : RHP Dave Grant
Pitching: RHP Doug Adams
Batting: LHB Jake Wells 0-0: Bunted foul
0-1: Called Strike
0-2: Fly out, F7 (Flyball, 7M)
Batting: RHB Alfredo Pineda 0-0: Ball
1-0: Ball
2-0: Ball
3-0: Base on Balls
Batting: RHB Dan Craft 0-0: Foul Ball, location: 2F
0-1: Ball
1-1: Foul Ball, location: 2F
1-2: Strikes out swinging
Pinch Hitting: LHB Arturo López 0-0: SINGLE (Flyball, 8RS)
Alfredo Pineda to second
Runner from 2nd tries for 3rd, SAFE, throw made to third
Batting: SHB Patrick Larson 0-0: Called Strike
0-1: Reached on error, E5 (Groundball, 5)
Alfredo Pineda scores
Arturo López to second
Batting: RHB Dave Nelson 0-0: Ball
1-0: Fly out, F7 (Line Drive, 7M)
Top of the 8th over - 1 run(s), 1 hit(s), 1 error(s), 2 left on base; Key West 5 - Wichita 15
BOTTOM OF THE 8TH
Wichita Wranglers batting - Pitching for Key West Barracudas : LHP Anastasio Flores
Now at SS: Ramiro Gámez
Batting: LHB Mario Cornelo 0-0: Swinging Strike
0-1: Ball
1-1: Swinging Strike
1-2: Strikes out swinging
Batting: RHB Jim Beck 0-0: Called Strike
0-1: Swinging Strike
0-2: Strikes out swinging
Pinch Hitting: RHB Joe Edwards 0-0: Ball
1-0: Fly out, F9 (Flyball, 9LM)
Bottom of the 8th over - 0 run(s), 0 hit(s), 0 error(s), 0 left on base; Key West 5 - Wichita 15
TOP OF THE 9TH
Key West Barracudas batting - Pitching for Wichita Wranglers : RHP Doug Adams
Now in RF: Joe Edwards
Batting: RHB Carlos Miranda 0-0: Called Strike
0-1: Foul Ball, location: 2F
0-2: TRIPLE (Line Drive, 89XD)
Batting: RHB Luther Stoffels 0-0: Ball
1-0: SINGLE (Line Drive, 89S)
Carlos Miranda scores
Batting: RHB Kenny Cole 0-0: Ball
1-0: Ball
2-0: Swinging Strike
2-1: Foul Ball, location: 2F
2-2: Ball
3-2: Strikes out swinging
Batting: LHB Jake Wells 0-0: Ball
1-0: Swinging Strike
1-1: Grounds into double play, 4-6-3 (Groundball, 4)
Top of the 9th over - 1 run(s), 2 hit(s), 0 error(s), 0 left on base; Key West 6 - Wichita 15
This league is powered by Out of the Park Baseball, the baseball management simulation game for PC, Mac and Linux
Wednesday, December 2nd, 2015 - OOTP Baseball 16.8 Build 38